 Dungeon Crawl Stone Soup version 0.19.0-2-gae57169 (webtiles) character file.

27 hurricos the Cutter (level 3, 0/25 HPs)
             Began as a Halfling Chaos Knight on Nov 6, 2016.
             Was a Believer of Lugonu.
             Slain by an adder (1 damage)
             ... on level 2 of the Dungeon.
             The game lasted 00:00:47 (606 turns).

hurricos the Cutter (Halfling Chaos Knight)          Turns: 606, Time: 00:00:48

Health: 0/25       AC:  4    Str: 13    XL:     3   Next: 25%
Magic:  3/3        EV: 14    Int: 10    God:    Lugonu [**....]
Gold:   91         SH:  0    Dex: 14    Spells: 0 memorised, 2 levels left

rFire  . . .     SeeInvis .     a - +0 short sword (chaos)
rCold  + . .     Gourm    .     k - +2 robe {rC+}
rNeg   . . .     Faith    .     (shield restricted)
rPois  .         Spirit   .     (no helmet)
rElec  .         Reflect  .     (no cloak)
rCorr  .         Harm     .     (no gloves)
MR     .....                    (no boots)
Stlth  +.........               (no amulet)
                                (no ring)
                                (no ring)

@: no status effects
A: mutation resistance 1
a: Depart the Abyss, Bend Space, Renounce Religion


You were on level 2 of the Dungeon.
You worshipped Lugonu.
Lugonu was pleased with you.
You were not hungry.

You visited 1 branch of the dungeon, and saw 2 of its levels.

You collected 91 gold pieces.

Inventory:

Hand Weapons
 a - a +0 short sword of chaos (weapon)
Armour
 b - a +2 leather armour
 k - a +2 robe of cold resistance (worn)
Scrolls
 g - 2 scrolls of identify {unknown}
 h - a scroll of teleportation {unknown}
 i - 3 scrolls of enchant armour {unknown}
Potions
 e - a potion of flight {unknown}
 j - a potion of agility {unknown}
Comestibles
 c - a bread ration
 d - a royal jelly
 f - a slice of pizza


   Skills:
 - Level 2.6 Fighting
 * Level 5.0 Short Blades
 - Level 2.1 Armour
 - Level 1.1 Dodging


You had 2 spell levels left.
You didn't know any spells.

Dungeon Overview and Level Annotations

Branches:
Dungeon (2/15)

Altars:
Nemelex Xobeh
Lugonu


Innate Abilities, Weirdness & Mutations

You are small and have problems with some larger weapons.
You are somewhat resistant to further mutation.


Message History

* * * LOW HITPOINT WARNING * * *
Something barely misses you. The adder misses you.
You are too injured to fight recklessly!
You closely miss something. Something bites you.
* * * LOW HITPOINT WARNING * * *
The adder bites you.
* * * LOW HITPOINT WARNING * * *
You are too injured to fight recklessly!
You miss something. Something bites you but does no damage.
The adder barely misses you.
You are too injured to fight recklessly!
Unknown command.
Unknown command.
Something bites you but does no damage. Something bites you but does no damage.
Something barely misses you.
You barely miss something. The adder closely misses you.
Something bites you but does no damage.
Unknown command.
You miss something. The adder bites you.
You die...

#...############
######..............###
..>......#............####
#######.#_#...............
#..#................ ..
#...w............# ...
#................#..
....##.........S........
#.....###.......@{.....###
....................####
#.........#####....##
.....##.........#.# #....
#.<#.#....[...# ....
#.##........#.# # # ...
##......#... ## #..##
#......#... ⌠##... ...(..


You could see a worm and an adder.

Vanquished Creatures
  A worm (D:2)
  A giant cockroach (D:1)
  3 goblins (D:1)
  A hobgoblin (D:1)
  4 jackals (D:1)
  4 kobolds (D:1)
  5 frilled lizards (D:1)
  5 rats
24 creatures vanquished.

Notes
Turn   | Place    | Note
-------+----------+-------------------------------------------
     0 | D:1      | hurricos the Halfling Chaos Knight began the quest for the Orb.
     0 | D:1      | Reached XP level 1. HP: 15/15 MP: 1/1
    13 | D:1      | XOM: potion effect (invisibility)
    14 | D:1      | Reached skill level 4 in Short Blades
    25 | D:1      | Reached XP level 2. HP: 14/20 MP: 2/2
   164 | D:1      | XOM: divination: detect items
   332 | D:1      | Reached XP level 3. HP: 25/25 MP: 3/3
   478 | D:2      | Found a faded altar of an unknown god.
   540 | D:2      | Reached skill level 5 in Short Blades
   545 | D:2      | Found a sparkling altar of Nemelex Xobeh.
   552 | D:2      | XOM: smoke on damage
   587 | D:2      | Fell from the grace of Xom
   587 | D:2      | Became a worshipper of Lugonu the Unformed
   587 | D:2      | Reached * piety under Lugonu
   587 | D:2      | Reached ** piety under Lugonu
   601 | D:2      | HP: 1/25 [adder (1)]
   606 | D:2      | Slain by an adder

Skill      XL: |  1  2  3 |
---------------+----------+-----
Short Blades   | 4 5 |  5.0
Fighting       | |  2.6
Armour         | |  2.1
Dodging        | |  1.1

Action                   || total
-------------------------++-------
Melee: Short sword       ||    72
 Stab: Invisible         ||     3
       Sleeping          ||     1
Armor: Leather armour    ||    14
       Robe              ||    11
Dodge: Dodged            ||    54
